 Dungeon Crawl Stone Soup version 0.22.0-49-gab54619 (webtiles) character file.

70503 Loudmushroom the Cleaver (level 15, -8/96 HPs)
             Began as a Gargoyle Fighter on Sept 5, 2018.
             Was the Champion of Okawaru.
             Mangled by a hog (12 damage)
             ... led by Kirke
             ... on level 15 of the Dungeon on Sept 6, 2018.
             The game lasted 02:54:41 (29899 turns).

Loudmushroom the Cleaver (Gargoyle Fighter)        Turns: 29899, Time: 02:54:42

Health: -8/96      AC:  0    Str: 23    XL:     15   Next: 33%
Magic:  22/22      EV: 15    Int:  9    God:    Okawaru [******]
Gold:   1380       SH:  0    Dex: 12    Spells: 14/14 levels left

rFire    . . .     SeeInvis .   (weapon currently unavailable)
rCold    . . .     Gourm    .   (shield currently unavailable)
rNeg     + . .     Faith    .   (armour currently unavailable)
rPois    ∞         Spirit   .   (helmet currently unavailable)
rElec    .         Reflect  .   (cloak currently unavailable)
rCorr    .         Harm     .   (gloves currently unavailable)
MR       +....                  (boots currently unavailable)
Stlth    +.........             (no amulet)
HPRegen  0.26/turn              (ring currently unavailable)
MPRegen  0.18/turn              (ring currently unavailable)

@: pig-form, slowed
A: small, negative energy resistance 1, petrification resistance, rot immunity,
AC +11
a: Heroism, Finesse, Renounce Religion


You were on level 15 of the Dungeon.
You worshipped Okawaru.
Okawaru was exalted by your worship.
You were not hungry.
You were a filthy swine.
You visited 3 branches of the dungeon, and saw 22 of its levels.

You collected 1380 gold pieces.

Inventory:

Hand Weapons
 a - a +9 war axe (melded)
 b - a +0 hunting sling
 t - a +0 morningstar
 C - a +0 blowgun
Missiles
 g - 5 curare-tipped needles
 l - 108 bolts
 s - 122 poisoned needles
 y - 222 sling bullets
 M - 12 javelins (quivered)
Armour
 c - a +0 large shield (melded)
 p - a +2 helmet (melded)
 D - a +4 chain mail (melded)
 O - a +2 scale mail of fire resistance
 V - a +2 pair of gloves of strength (melded)
 X - a +2 cloak of invisibility (melded)
Jewellery
 r - an uncursed ring of resist corrosion
 B - an uncursed ring of protection from fire
 E - a +2 ring of slaying (melded)
 Q - an uncursed ring of see invisible
 Y - a ring of protection from fire (melded)
Wands
 j - a wand of clouds (5)
 n - a wand of polymorph (39)
 F - a wand of scattershot (9)
 H - a wand of paralysis (45)
 L - a wand of disintegration (29)
 S - a wand of flame (50)
 T - a wand of acid (24)
 W - a wand of digging (28)
Scrolls
 e - 2 scrolls of identify
 h - 6 scrolls of fog
 i - 5 scrolls of remove curse
 k - 9 scrolls of teleportation
 w - 5 scrolls of immolation
 A - 3 scrolls of magic mapping
 I - 3 scrolls of blinking
 R - 2 scrolls of fear
Potions
 d - 5 potions of might
 o - 7 potions of lignification
 q - 3 potions of agility
 v - 3 potions of cancellation
 x - 14 potions of curing
 z - 4 potions of mutation
 G - 8 potions of invisibility
 J - 6 potions of heal wounds
 K - a potion of resistance
 N - a potion of haste
Miscellaneous
 u - a phantom mirror
 P - a sack of spiders
 U - a box of beasts
 Z - a lightning rod (4/4)
Comestibles
 f - 49 rations
 m - 12 chunks of flesh


   Skills:
 + Level 11.8 Fighting
 * Level 12.9 Axes
 + Level 11.9 Armour
 + Level 3.5 Dodging
 + Level 11.9 Shields
 - Level 10.3 Invocations
 + Level 8.9 Evocations


You had 14 spell levels left.
You didn't know any spells.
Your spell library contained the following spells:

 Spells                   Type           Power        Failure   Level  Hunger
 Animate Skeleton         Necr           N/A          38%         1    ##.....
 Apportation              Tloc           #.....       38%         1    ##.....
 Corona                   Hex            #......      38%         1    ##.....
 Magic Dart               Conj           #...         38%         1    ##.....
 Pain                     Necr           #...         38%         1    ##.....
 Sandblast                Erth           #.....       38%         1    ##.....
 Shock                    Conj/Air       #...         38%         1    ##.....
 Ensorcelled Hibernation  Hex/Ice        #.....       52%         2    ###....
 Passwall                 Tmut/Erth      #.......     52%         2    ###....
 Searing Ray              Conj           #.....       52%         2    ###....
 Confuse                  Hex            #.......     77%         3    ####...
 Dazzling Spray           Conj/Hex       #.....       77%         3    ####...
 Regeneration             Chrm/Necr      #.........   77%         3    ####...
 Stone Arrow              Conj/Erth      #.....       77%         3    ####...
 Tukima's Dance           Hex            #.......     77%         3    ####...
 Vampiric Draining        Necr           #.........   77%         3    ####...
 Animate Dead             Necr           N/A          99%         4    #####..
 Force Lance              Conj/Tloc      #.......     99%         4    #####..
 Fulminant Prism          Conj/Hex       #.........   99%         4    #####..
 Iskenderun's Mystic Bla  Conj           #.......     99%         4    #####..
 Petrify                  Tmut/Erth      #.......     99%         4    #####..
 Lee's Rapid Deconstruct  Erth           #.........   100%        5    ######.
 Lightning Bolt           Conj/Air       #.........   100%        5    ######.
 Summon Forest            Summ/Tloc      #.........   100%        5    ######.


Dungeon Overview and Level Annotations

Branches:
Dungeon (15/15)            Temple (0/1) D:5            Lair (6/6) D:10
 Shoals (0/4) Lair:2        Snake (1/4) Lair:4        Slime (0/5) Lair:5
    Orc (0/2) D:9          Vaults (0/5) D:13         Depths (0/5) D:15

Altars:
Makhleb
Nemelex Xobeh
Okawaru
Qazlal
Ru
Sif Muna
Trog
Xom
Yredelemnul
Zin
Jiyva

Shops:
D:9 =   D:12 [

Annotations:
D:15 Kirke
Lair:5 1 runed door


Innate Abilities, Weirdness & Mutations

You are resistant to torment.
((Your stone body is resilient. (AC +11)))
You are immune to poison.
((Your large and strong wings let you fly indefinitely.))
You resist negative energy. (rN+)
((You are resistant to electric shocks. (rElec)))
((You can survive without breathing.))
You are immune to petrification.
You are immune to rotting.


Message History

Kirke is lightly wounded.
Kirke hits you!
You bite Kirke!
Kirke is moderately wounded.
Kirke points at you and mumbles some strange words.
You struggle to resist.
You hit Kirke.
Kirke is moderately wounded.
Kirke hits you!
* * * LOW HITPOINT WARNING * * *
You hit Kirke.
Kirke is moderately wounded.
Kirke barely misses you. The hog bites you!
* * * LOW HITPOINT WARNING * * *
You barely miss Kirke.
Kirke is moderately wounded.
The hog barely misses you. Kirke hits you.
* * * LOW HITPOINT WARNING * * *
The hog bites you!
You die...

......#.## .# ..#.....##...#..##
#####.#.# .# #.##.##.#....##)#
##.....###### #.#.)##......>#.##
#............###.#...###....##).#
.................###..###...###.#
#.#.########.###.# ##.####.###..#
# #. #@# #.###...##### #.## # #.#
#@h#.....# #.## ##.# #h.#.....#
#..# ..# #..##...########.# #.#
#...##.## #....... #.#
#.#.##'####....... #.#
#.#.#.....'.......
###.###.......###......#
#.......#.#######.......
#.......#.#............#
#.......#.......#.#.....


You could see Kirke and a hog.

Vanquished Creatures
  A dire elephant (Lair:6)
  A rakshasa (D:15)
  The ghost of Oddysee the Blocker, a journeyman GnFi of Cheibriados (D:10)
  A vault guard (D:13)
  2 centaur warriors (D:13)
  9 hydras
  A death knight (D:14)
  2 catoblepae
  A satyr (shapeshifter) (D:15)
  3 two-headed ogres
  A deep troll shaman (Lair:6)
  3 tengu warriors
  4 death yaks (Lair:6)
  Sonja (Lair:3)
  A fire crab (D:13)
  An unseen horror (D:15)
  A wolf spider zombie (D:15)
  A deep elf mage (D:14)
  An orc knight (D:13)
  6 ugly things
  3 manticores
  2 cyclopes
  3 elephants (Lair:6)
  An elephant (shapeshifter) (D:15)
  2 black mambas (Lair:6)
  17 spiny frogs
  6 rime drakes
  2 komodo dragons
  2 kobold demonologists
  A tengu conjurer (D:13)
  7 trolls
  2 polar bears
  2 hellwings (D:10)
  A troll (shapeshifter) (D:15)
  A blink frog (shapeshifter) (D:14)
  5 slime creatures (D:15)
  3 blink frogs (Lair:6)
  18 hippogriffs
  A wraith (D:12)
  A yak (shapeshifter) (D:13)
  45 yaks
  A spriggan (Lair:5)
  8 wyverns
  8 basilisks
  4 hogs (D:15)
  2 chaos spawn (D:12)
  6 vampire mosquitoes
  2 steam dragons
  Menkaure (D:5)
  A hungry ghost (D:8)
  A naga (Lair:4)
  An acid dragon (D:15)
  13 water moccasins
  2 hell hounds (Lair:5)
  4 porcupines
  7 orc warriors
  3 sky beasts
  4 black bears
  An eye of draining (D:9)
  7 ice beasts
  3 phantoms
  2 necrophages
  5 ogres
  6 wolves
  7 boggarts (D:15)
  14 centaurs
  11 crocodiles
  8 big kobolds (D:10)
  18 bullfrogs
  3 wyvern skeletons
  2 wyvern zombies (D:11)
  2 scorpions
  10 killer bees
  5 wights (D:9)
  2 howler monkeys
  3 electric eels
  5 crimson imps
  7 centaur zombies
  3 bullfrog zombies
  4 centaur skeletons
  4 hounds
  2 orc priests
  3 jellies
  7 orc wizards
  2 bullfrog skeletons (D:9)
  3 iguanas
  2 hell rats (Lair:1)
  16 worker ants
  Robin (D:4)
  A gnoll (D:1)
  2 howler monkey skeletons (D:6)
  14 adders
  9 river rats (Lair:1)
  6 shadow imps
  3 oozes
  An adder zombie (D:9)
  An adder skeleton (D:4)
  4 worms
  4 leopard geckos
  32 orcs
  6 giant cockroaches
  17 goblins
  2 hobgoblins
  5 jackals (D:2)
  16 kobolds
  2 quokkas
  2 ball pythons
  3 bats
  5 frilled lizards
  2 leopard gecko skeletons
  6 rats
  A bush (Lair:5)
  7 fungi
  8 plants
562 creatures vanquished.

Vanquished Creatures (others)
  10 fungi
  9 plants
19 creatures vanquished.

Grand Total: 581 creatures vanquished

Notes
Turn   | Place    | Note
-------+----------+-------------------------------------------
     0 | D:1      | Loudmushroom the Gargoyle Fighter began the quest for the
                  | Orb.
     0 | D:1      | Reached XP level 1. HP: 14/14 MP: 1/1
    42 | D:1      | Reached XP level 2. HP: 19/19 MP: 2/2
    43 | D:1      | Reached skill level 2 in Axes
   251 | D:1      | Reached XP level 3. HP: 23/23 MP: 3/3
  1163 | D:2      | Found an iron altar of Okawaru.
  1185 | D:2      | Reached XP level 4. HP: 29/29 MP: 4/4
  1204 | D:2      | Became a worshipper of Warmaster Okawaru
  1327 | D:2      | Found a bloodstained altar of Trog.
  2267 | D:4      | Reached skill level 1 in Invocations
  2267 | D:4      | Reached XP level 5. HP: 23/33 MP: 5/5
  2432 | D:4      | Noticed Robin
  2442 | D:5      | Entered Level 5 of the Dungeon
  2471 | D:4      | Killed Robin
  2676 | D:4      | Noticed an ogre
  2690 | D:4      | Killed an ogre
  2690 | D:4      | Reached * piety under Okawaru
  2690 | D:4      | Reached skill level 3 in Axes
  2690 | D:4      | Reached XP level 6. HP: 10/39 MP: 7/7
  3439 | D:5      | Noticed an ice beast
  3487 | D:5      | Killed an ice beast
  3487 | D:5      | Reached XP level 7. HP: 30/44 MP: 8/8
  3678 | D:5      | Reached skill level 5 in Fighting
  3678 | D:5      | Reached skill level 5 in Shields
  3742 | D:5      | Found a glowing silver altar of Zin.
  3962 | D:5      | Reached skill level 5 in Armour
  4022 | D:5      | Reached ** piety under Okawaru
  4045 | D:5      | Found a staircase to the Ecumenical Temple.
  4048 | D:5      | Found a faded altar of an unknown god.
  4213 | D:5      | Found a basalt altar of Yredelemnul.
  4273 | D:5      | Noticed Menkaure
  4282 | D:5      | Killed Menkaure
  4282 | D:5      | Reached skill level 4 in Axes
  4290 | D:5      | Reached XP level 8. HP: 35/50 MP: 8/10
  5080 | D:6      | Identified the Catalogue of Warped Conjuration
  5400 | D:6      | Reached skill level 1 in Evocations
  5438 | D:6      | Found a sacrificial altar of Ru.
  5518 | D:6      | Reached *** piety under Okawaru
  6194 | D:7      | Reached skill level 5 in Axes
  6194 | D:7      | Reached XP level 9. HP: 55/55 MP: 12/12
  7292 | D:7      | Found a stormy altar of Qazlal.
  7588 | D:8      | Reached skill level 5 in Invocations
  8289 | D:8      | Noticed a two-headed ogre
  8304 | D:8      | Killed a two-headed ogre
  8304 | D:8      | Reached skill level 6 in Axes
  8310 | D:8      | Reached **** piety under Okawaru
  9406 | D:9      | Found Atiur's Jewellery Boutique.
  9427 | D:9      | Reached XP level 10. HP: 63/63 MP: 14/14
  9951 | D:9      | Found a staircase to the Orcish Mines.
 10310 | D:9      | Found a deep blue altar of Sif Muna.
 10311 | D:9      | Found a sparkling altar of Nemelex Xobeh.
 10321 | D:9      | Found a burning altar of Makhleb.
 10547 | D:10     | Entered Level 10 of the Dungeon
 10931 | D:10     | Found a staircase to the Lair.
 10979 | D:10     | Reached skill level 7 in Axes
 11410 | D:10     | Reached ***** piety under Okawaru
 11772 | D:10     | Found a runed gate.
 11773 | D:10     | Noticed Oddysee's ghost (journeyman GnFi)
 11773 | D:10     | Noticed a kobold demonologist
 11774 | D:10     | Found a runed gate.
 11774 | D:10     | Found a runed gate.
 11809 | D:10     | Noticed a rust devil
 11810 | D:10     | Noticed a sun demon
 11812 | D:10     | Killed a kobold demonologist
 11829 | D:10     | Killed Oddysee's ghost
 11829 | D:10     | Received a gift from Okawaru
 11829 | D:10     | Reached XP level 11. HP: 60/68 MP: 16/16
 12006 | Lair:1   | Entered Level 1 of the Lair of Beasts
 12137 | Lair:1   | Reached skill level 8 in Axes
 12721 | Lair:1   | Reached skill level 5 in Evocations
 13278 | Lair:2   | Found a staircase to the Shoals.
 13534 | Lair:2   | Found a labyrinth entrance.
 14091 | Lair:3   | Noticed an eight-headed hydra
 14105 | Lair:3   | Killed an eight-headed hydra
 14105 | Lair:3   | Reached ****** piety under Okawaru
 14493 | Lair:3   | Received a gift from Okawaru
 14614 | Lair:3   | Noticed a catoblepas
 14636 | Lair:3   | Killed a catoblepas
 14636 | Lair:3   | Reached skill level 9 in Axes
 15050 | Lair:3   | Noticed Sonja
 15566 | Lair:2   | Reached XP level 12. HP: 74/75 MP: 18/18
 15586 | Lair:3   | Killed Sonja
 16780 | Lair:4   | Noticed a four-headed hydra
 16783 | Lair:4   | Noticed a seven-headed hydra
 16792 | Lair:4   | Killed a four-headed hydra
 16797 | Lair:4   | Killed a seven-headed hydra
 17118 | Lair:4   | Noticed a six-headed hydra
 17126 | Lair:4   | Killed a six-headed hydra
 17252 | Lair:4   | Found a staircase to the Snake Pit.
 17315 | Snake:1  | Entered Level 1 of the Snake Pit
 17326 | Snake:1  | Noticed a naga warrior
 17908 | Lair:5   | Noticed a five-headed hydra
 17942 | Lair:5   | Killed a five-headed hydra
 17942 | Lair:5   | Reached skill level 10 in Axes
 18335 | Lair:5   | Received a gift from Okawaru
 18559 | Lair:5   | Found a runed door.
 18560 | Lair:5   | Found a viscous altar of Jiyva.
 18561 | Lair:5   | Noticed an acid blob
 18562 | Lair:5   | Found a staircase to the Slime Pits.
 18566 | Lair:5   | Noticed a seven-headed hydra
 18588 | Lair:5   | Killed a seven-headed hydra
 18895 | Lair:5   | Reached XP level 13. HP: 80/82 MP: 19/19
 18957 | Lair:5   | Reached skill level 10 in Shields
 18966 | Lair:5   | Reached skill level 10 in Armour
 18990 | Lair:5   | Reached skill level 10 in Fighting
 20018 | Lair:6   | Entered Level 6 of the Lair of Beasts
 20906 | Lair:6   | Reached skill level 11 in Axes
 21584 | Lair:6   | Received a gift from Okawaru
 22396 | Lair:6   | Reached skill level 10 in Invocations
 22576 | Lair:6   | Noticed a dire elephant
 22600 | Lair:6   | Killed a dire elephant
 23214 | D:10     | Gained mutation: Your large and strong wings let you fly
                  | indefinitely. [Gargoyle growth]
 23214 | D:10     | Reached XP level 14. HP: 69/88 MP: 19/21
 24019 | D:11     | Received a gift from Okawaru
 24939 | D:12     | Found Fereudd's Antique Armour Shop.
 24964 | D:12     | Reached skill level 1 in Dodging
 25183 | D:12     | Reached skill level 12 in Axes
 25790 | D:12     | Received a gift from Okawaru
 26886 | D:13     | Found the +7 mace of Variability {chain chaos}
 26943 | D:13     | Found a shimmering altar of Xom.
 27241 | D:13     | Found a gate to the Vaults.
 27586 | D:13     | Reached XP level 15. HP: 67/95 MP: 20/22
 28629 | D:15     | Entered Level 15 of the Dungeon
 29058 | D:15     | Received a gift from Okawaru
 29153 | D:15     | Got a pitted large shield {god gift}
 29164 | D:15     | Identified the +2 large shield "Utefedotte" {-Tele rPois
                  | Int+4} (Okawaru gifted it to you on level 15 of the
                  | Dungeon)
 29335 | D:15     | Noticed a quicksilver dragon
 29535 | D:15     | Found a staircase to the Depths.
 29809 | D:15     | Noticed Kirke
 29899 | D:15     | HP: 4/96 [Kirke (3)]
 29899 | D:15     | Mangled by a hog

Skill      XL: |  1  2  3  4  5  6  7  8  9 10 11 12 13 14 15 |
---------------+----------------------------------------------+-----
Axes           | 2 3 4 5 6 7 9 10 11 12 | 12.9
Fighting       | 4 5 6 7 8 9 10 11 | 11.8
Armour         | 4 5 6 7 8 9 10 11 | 11.9
Shields        | 4 5 6 7 8 9 10 11 | 11.9
Invocations    | 1 2 3 4 5 7 8 9 10 | 10.3
Evocations     | 1 3 4 5 6 7 8 |  8.9
Dodging        | 2 3 |  3.5

Action                   |  1- 3 |  4- 6 |  7- 9 | 10-12 | 13-15 || total
-------------------------+-------+-------+-------+-------+-------++-------
Melee: War axe           |   126 |   152 |   371 |   545 |  1042 ||  2236
       Morningstar       |       |       |       |    46 |    22 ||    68
       Unarmed           |       |       |       |       |    15 ||    15
 Fire: Hunting sling     |       |       |    13 |    29 |       ||    42
Throw: Javelin           |       |       |     2 |       |       ||     2
Invok: Heroism           |       |       |     6 |     8 |    13 ||    27
  Use: Scroll            |       |     9 |    12 |     6 |    12 ||    39
  Eat: Chunk             |     1 |     5 |     9 |    20 |    24 ||    59
       Ration            |       |     1 |     5 |     3 |     4 ||    13
Armor: Scale mail        |    72 |    24 |       |       |       ||    96
       Plate armour      |       |    95 |       |       |       ||    95
       Chain mail        |       |    18 |   232 |   459 |   627 ||  1336
Dodge: Dodged            |    39 |    45 |   104 |   203 |   334 ||   725
Block: Shield            |    72 |    78 |   236 |   390 |   606 ||  1382
       Large shield      |       |       |       |       |   230 ||   230
